TOP OF THE 1ST |
Amarillo ThunderHeads batting - Pitching for Oakland Oaks : RHP Dan Rohrbach
|
Pitching: RHP Dan Rohrbach
|
|
Batting: SHB Tim Rogers
|
0-0: Ball 1-0: Fly out, F6 (Popup, 6, EV 55.6 MPH)
|
Batting: RHB Luis Reyna
|
0-0: Ground out 6-3 (Groundball, 6, EV 95.6 MPH)
|
Batting: RHB Nick Solberg
|
0-0: Ball 1-0: Ball 2-0: Fly out, F8 (Line Drive, 8LD, EV 85.6 MPH)
|
Top of the 1st over - 0 runs, 0 hits, 0 errors, 0 left on base; Amarillo 0 - Oakland 0 |
BOTTOM OF THE 1ST |
Oakland Oaks batting - Pitching for Amarillo ThunderHeads : RHP Bobby Scott
|
Pitching: RHP Bobby Scott
|
|
Batting: RHB Brian Callaghan
|
0-0: Ball 1-0: Foul Ball, location: 2F 1-1: Foul Ball, location: 2F 1-2: Ball 2-2: SINGLE (Line Drive, 89M, EV 96.9 MPH)
|
Batting: RHB Scott Lister
|
0-0: Called Strike 0-1: Ball Brian Callaghan steals 2nd base 1-1: Ball 2-1: Ball 3-1: 2-RUN HOME RUN (Flyball, 7D, EV 94.4 MPH), Distance : 372 ft
|
Batting: LHB Alejandro Muniz
|
0-0: Called Strike 0-1: Foul Ball, location: 2F 0-2: Ball 1-2: Ball 2-2: Ball 3-2: SINGLE (Flyball, 3D, EV 92.5 MPH)
|
Batting: SHB Steve Salafia
|
0-0: Called Strike 0-1: Fly out, F8 (Line Drive, 8LM, EV 92.5 MPH)
|
Batting: LHB Mike Murphy
|
0-0: Swinging Strike 0-1: Ball 1-1: SINGLE (Groundball, 25, EV 61.9 MPH) (infield hit) Alejandro Muniz to second
|
Batting: LHB Marcus Pollard
|
0-0: Ball 1-0: Fielders Choice at 2nd, 6-4 (Groundball, 6, EV 86.2 MPH) Alejandro Muniz to third
|
Batting: RHB Rusty Prodoehl
|
0-0: Ball 1-0: Ball 2-0: Called Strike 2-1: Ball 3-1: Called Strike 3-2: Foul Ball, location: 2F 3-2: Strikes out looking
|
Bottom of the 1st over - 2 runs, 4 hits, 0 errors, 2 left on base; Amarillo 0 - Oakland 2 |
TOP OF THE 2ND |
Amarillo ThunderHeads batting - Pitching for Oakland Oaks : RHP Dan Rohrbach
|
Batting: LHB Santino Pisanello
|
0-0: SINGLE (Groundball, 34D, EV 105.6 MPH)
|
Batting: RHB Elias Sagrero
|
0-0: Ball 1-0: Ball 2-0: Ball 3-0: Called Strike 3-1: Foul Ball, location: 2F 3-2: Fly out, F9 (Flyball, 89D, EV 77.5 MPH)
|
Batting: RHB Ron Squires
|
0-0: Ball 1-0: Ball 2-0: Called Strike 2-1: Foul Ball, location: 2F 2-2: Strikes out swinging
|
Batting: RHB Luis Solorzano
|
0-0: Ball 1-0: Ball 2-0: Foul Ball, location: 2F 2-1: Ball 3-1: Base on Balls Santino Pisanello to second
|
Batting: SHB Alfonso Chacon
|
0-0: Fly out, F9 (Flyball, 89XD, EV 90.6 MPH)
|
Top of the 2nd over - 0 runs, 1 hit, 0 errors, 2 left on base; Amarillo 0 - Oakland 2 |
BOTTOM OF THE 2ND |
Oakland Oaks batting - Pitching for Amarillo ThunderHeads : RHP Bobby Scott
|
Batting: RHB Jake Leffel
|
0-0: Swinging Strike 0-1: Called Strike 0-2: Ball 1-2: Ground out 6-3 (Groundball, 6, EV 80.6 MPH)
|
Batting: RHB Alberto Malagon
|
0-0: Ball 1-0: Foul Ball, location: 2F 1-1: Ball 2-1: Ball 3-1: Ground out 5-3 (Groundball, 56, EV 85.6 MPH)
|
Batting: RHB Brian Callaghan
|
0-0: Called Strike 0-1: Foul Ball, location: 2F 0-2: Strikes out swinging
|
Bottom of the 2nd over - 0 runs, 0 hits, 0 errors, 0 left on base; Amarillo 0 - Oakland 2 |
TOP OF THE 3RD |
Amarillo ThunderHeads batting - Pitching for Oakland Oaks : RHP Dan Rohrbach
|
Batting: SHB Tyler Romo
|
0-0: Ball 1-0: Ball 2-0: Called Strike 2-1: Foul Ball, location: 2F 2-2: Foul Ball, location: 2F 2-2: Foul Ball, location: 2F 2-2: Ground out 4-3 (Groundball, 34D, EV 100.6 MPH)
|
Batting: SHB Tim Rogers
|
0-0: Ball 1-0: Ball 2-0: Called Strike 2-1: Ground out 5-3 (Groundball, 5L, EV 105.0 MPH)
|
Batting: RHB Luis Reyna
|
0-0: Called Strike 0-1: Ground out U3 (Groundball, 3L, EV 85.0 MPH)
|
Top of the 3rd over - 0 runs, 0 hits, 0 errors, 0 left on base; Amarillo 0 - Oakland 2 |
BOTTOM OF THE 3RD |
Oakland Oaks batting - Pitching for Amarillo ThunderHeads : RHP Bobby Scott
|
Batting: RHB Scott Lister
|
0-0: Foul Ball, location: 2F 0-1: SINGLE (Line Drive, 89S, EV 92.5 MPH)
|
Batting: LHB Alejandro Muniz
|
0-0: Called Strike 0-1: Ball 1-1: Ball 2-1: Ball 3-1: Swinging Strike 3-2: Strikes out looking Scott Lister is caught stealing 2nd base 2-6 Batter strikes out.
|
Batting: SHB Steve Salafia
|
0-0: Ball 1-0: Swinging Strike 1-1: Ground out U3 (Groundball, 34S, EV 86.2 MPH)
|
Bottom of the 3rd over - 0 runs, 1 hit, 0 errors, 0 left on base; Amarillo 0 - Oakland 2 |
TOP OF THE 4TH |
Amarillo ThunderHeads batting - Pitching for Oakland Oaks : RHP Dan Rohrbach
|
Batting: RHB Nick Solberg
|
0-0: Foul Ball, location: 2F 0-1: Ball 1-1: Swinging Strike 1-2: Ball 2-2: Strikes out looking
|
Batting: LHB Santino Pisanello
|
0-0: Ground out 5-3 (Groundball, 5, EV 102.5 MPH)
|
Batting: RHB Elias Sagrero
|
0-0: Ball 1-0: Foul Ball, location: 2F 1-1: Called Strike 1-2: Ground out 6-3 (Groundball, 6, EV 88.8 MPH)
|
Top of the 4th over - 0 runs, 0 hits, 0 errors, 0 left on base; Amarillo 0 - Oakland 2 |
BOTTOM OF THE 4TH |
Oakland Oaks batting - Pitching for Amarillo ThunderHeads : RHP Bobby Scott
|
Batting: LHB Mike Murphy
|
0-0: Ball 1-0: Called Strike 1-1: Swinging Strike 1-2: Fly out, F5 (Popup, 15, EV 80.6 MPH)
|
Batting: LHB Marcus Pollard
|
0-0: Ball 1-0: Ground out 4-3 (Groundball, 4D, EV 110.6 MPH)
|
Batting: RHB Rusty Prodoehl
|
0-0: Called Strike 0-1: Ball 1-1: Ball 2-1: Foul Ball, location: 2F 2-2: Foul Ball, location: 2F 2-2: Fly out, F9 (Line Drive, 9, EV 95.0 MPH)
|
Bottom of the 4th over - 0 runs, 0 hits, 0 errors, 0 left on base; Amarillo 0 - Oakland 2 |
TOP OF THE 5TH |
Amarillo ThunderHeads batting - Pitching for Oakland Oaks : RHP Dan Rohrbach
|
Batting: RHB Ron Squires
|
0-0: Ball 1-0: Swinging Strike 1-1: Ball 2-1: Swinging Strike 2-2: Strikes out swinging
|
Batting: RHB Luis Solorzano
|
0-0: SINGLE (Line Drive, 6D, EV 98.8 MPH)
|
Batting: SHB Alfonso Chacon
|
0-0: Called Strike 0-1: Called Strike 0-2: Ball 1-2: Strikes out swinging
|
Batting: SHB Tyler Romo
|
0-0: Called Strike 0-1: Called Strike 0-2: Fly out, F8 (Flyball, 8RD, EV 78.1 MPH)
|
Top of the 5th over - 0 runs, 1 hit, 0 errors, 1 left on base; Amarillo 0 - Oakland 2 |
BOTTOM OF THE 5TH |
Oakland Oaks batting - Pitching for Amarillo ThunderHeads : RHP Bobby Scott
|
Batting: RHB Jake Leffel
|
0-0: Called Strike 0-1: Foul Ball, location: 2F 0-2: Foul Ball, location: 2F 0-2: Strikes out swinging
|
Batting: RHB Alberto Malagon
|
0-0: Ball 1-0: Called Strike 1-1: Foul Ball, location: 2F 1-2: Ball 2-2: Foul Ball, location: 2F 2-2: Strikes out looking
|
Batting: RHB Brian Callaghan
|
0-0: Swinging Strike 0-1: Swinging Strike 0-2: Strikes out swinging
|
Bottom of the 5th over - 0 runs, 0 hits, 0 errors, 0 left on base; Amarillo 0 - Oakland 2 |
TOP OF THE 6TH |
Amarillo ThunderHeads batting - Pitching for Oakland Oaks : RHP Dan Rohrbach
|
Batting: SHB Tim Rogers
|
0-0: Ball 1-0: Ball 2-0: Called Strike 2-1: Ground out U3 (Groundball, 34, EV 98.8 MPH)
|
Batting: RHB Luis Reyna
|
0-0: Called Strike 0-1: Ball 1-1: Foul Ball, location: 2F 1-2: SINGLE (Line Drive, 8RS, EV 107.5 MPH)
|
Batting: RHB Nick Solberg
|
0-0: Called Strike 0-1: Grounds into double play, 5-4-3 (Groundball, 56, EV 79.4 MPH)
|
Top of the 6th over - 0 runs, 1 hit, 0 errors, 0 left on base; Amarillo 0 - Oakland 2 |
BOTTOM OF THE 6TH |
Oakland Oaks batting - Pitching for Amarillo ThunderHeads : RHP Bobby Scott
|
Pitching: RHP Torsten Fisher
|
|
Batting: RHB Scott Lister
|
0-0: Called Strike 0-1: Ball 1-1: Ball 2-1: Called Strike 2-2: Ball 3-2: Base on Balls
|
Batting: LHB Alejandro Muniz
|
0-0: Ball Scott Lister steals 2nd base 1-0: Intentional Walk
|
Batting: SHB Steve Salafia
|
0-0: Ball Scott Lister steals 3rd base 1-0: Foul Ball, location: 2F 1-1: SINGLE (Groundball, 3, EV 98.8 MPH) Scott Lister scores Alejandro Muniz to second
|
Batting: LHB Mike Murphy
|
0-0: Ball 1-0: Ball Wild Pitch! Alejandro Muniz to third Steve Salafia to second 2-0: Swinging Strike 2-1: Ball Wild Pitch! Alejandro Muniz scores Steve Salafia to third 3-1: Foul Ball, location: 2F 3-2: Ground out 1-3 (Groundball, 13S, EV 67.5 MPH)
|
Batting: LHB Marcus Pollard
|
0-0: Intentional Walk
|
Batting: RHB Rusty Prodoehl
|
0-0: Ball Marcus Pollard steals 2nd base 1-0: Intentional Walk
|
Batting: RHB Jake Leffel
|
0-0: Foul Ball, location: 2F 0-1: Called Strike 0-2: Ball 1-2: Strikes out swinging
|
Batting: RHB Alberto Malagon
|
0-0: Swinging Strike 0-1: Called Strike 0-2: Ball 1-2: Ball 2-2: Strikes out swinging
|
Bottom of the 6th over - 2 runs, 1 hit, 0 errors, 3 left on base; Amarillo 0 - Oakland 4 |
TOP OF THE 7TH |
Amarillo ThunderHeads batting - Pitching for Oakland Oaks : RHP Dan Rohrbach
|
Batting: LHB Santino Pisanello
|
0-0: SINGLE (Groundball, 6S, EV 63.8 MPH) (infield hit)
|
Batting: RHB Elias Sagrero
|
0-0: Called Strike 0-1: Swinging Strike 0-2: Ball 1-2: Ball 2-2: Strikes out looking
|
Batting: RHB Ron Squires
|
0-0: Foul Ball, location: 2F 0-1: Ball 1-1: Called Strike Santino Pisanello steals 2nd base 1-2: Ball 2-2: Ball 3-2: Strikes out looking
|
Pitching: LHP Kevin Clark
|
|
Batting: RHB Luis Solorzano
|
0-0: Ball 1-0: Swinging Strike 1-1: Foul Ball, location: 2F 1-2: Strikes out looking
|
Top of the 7th over - 0 runs, 1 hit, 0 errors, 1 left on base; Amarillo 0 - Oakland 4 |
BOTTOM OF THE 7TH |
Oakland Oaks batting - Pitching for Amarillo ThunderHeads : RHP Torsten Fisher
|
Pitching: RHP Danny Alvarez
|
|
Batting: RHB Brian Callaghan
|
0-0: Ball 1-0: Ball 2-0: Ball 3-0: Called Strike 3-1: Base on Balls
|
Batting: RHB Scott Lister
|
0-0: Called Strike Brian Callaghan steals 2nd base 0-1: DOUBLE (Line Drive, 9LM, EV 107.5 MPH) Brian Callaghan scores
|
Batting: LHB Alejandro Muniz
|
0-0: Intentional Walk
|
Batting: SHB Steve Salafia
|
0-0: Ball 1-0: Ball 2-0: Ball 3-0: Base on Balls Scott Lister to third Alejandro Muniz to second
|
Batting: LHB Mike Murphy
|
0-0: Ball 1-0: Foul Ball, location: 2F 1-1: Ball 2-1: Foul Ball, location: 2F 2-2: Ball 3-2: Fly out, F9 (Flyball, 89M, EV 76.2 MPH) Runner from 3rd tags up, SCORES, throw by RF Alejandro Muniz to third
|
Batting: LHB Marcus Pollard
|
0-0: Called Strike 0-1: Swinging Strike 0-2: Fly out, F8 (Flyball, 8LXD, EV 109.4 MPH) Runner from 3rd tags up, SCORES, no throw by CF
|
Batting: RHB Rusty Prodoehl
|
0-0: Called Strike 0-1: Ball 1-1: Ball 2-1: Foul Ball, location: 2F 2-2: Foul Ball, location: 2F 2-2: Strikes out looking
|
Bottom of the 7th over - 3 runs, 1 hit, 0 errors, 1 left on base; Amarillo 0 - Oakland 7 |
TOP OF THE 8TH |
Amarillo ThunderHeads batting - Pitching for Oakland Oaks : LHP Kevin Clark
|
Batting: SHB Alfonso Chacon
|
0-0: Called Strike 0-1: Called Strike 0-2: Ground out 5-3 (Groundball, 5S, EV 68.1 MPH)
|
Pinch Hitting: RHB Josh Shoemaker
|
0-0: Called Strike 0-1: Foul Ball, location: 2F 0-2: Ball 1-2: Strikes out swinging, 2-3 out at first.
|
Batting: SHB Tim Rogers
|
0-0: Ball 1-0: Foul Ball, location: 2F 1-1: Called Strike 1-2: Strikes out swinging
|
Top of the 8th over - 0 runs, 0 hits, 0 errors, 0 left on base; Amarillo 0 - Oakland 7 |
BOTTOM OF THE 8TH |
Oakland Oaks batting - Pitching for Amarillo ThunderHeads : RHP Danny Alvarez
|
Now at 2B: Ron Squires
|
|
Now in RF: Sam Voss
|
|
Batting: RHB Jake Leffel
|
0-0: Ground out 2-3 (Groundball, 15S, EV 75.0 MPH)
|
Batting: RHB Alberto Malagon
|
0-0: Foul Ball, location: 2F 0-1: Swinging Strike 0-2: Ground out 6-3 (Groundball, 6, EV 76.2 MPH)
|
Pinch Hitting: RHB Emiel Schlepers
|
0-0: Ball 1-0: SINGLE (Line Drive, 4MD, EV 100.0 MPH)
|
Batting: RHB Scott Lister
|
0-0: Ball 1-0: Called Strike 1-1: Swinging Strike 1-2: Foul Ball, location: 2F 1-2: Foul Ball, location: 2F 1-2: Ball 2-2: Foul Ball, location: 2F 2-2: 2-RUN HOME RUN (Line Drive, 7LD, EV 92.5 MPH), Distance : 339 ft
|
Pitching: LHP Kevin Anderson
|
|
Pinch Hitting: RHB Marcus Kressley
|
0-0: Ball 1-0: Ball 2-0: Ball 3-0: Base on Balls
|
Batting: SHB Steve Salafia
|
0-0: Foul Ball, location: 2F 0-1: Reached on error, E1 (Groundball, 13S, EV 68.8 MPH) Marcus Kressley to third
|
Pinch Hitting: LHB Mike Adams
|
0-0: Ball 1-0: Fly out, F9 (Flyball, 89D, EV 89.4 MPH)
|
Bottom of the 8th over - 2 runs, 2 hits, 1 error, 2 left on base; Amarillo 0 - Oakland 9 |
TOP OF THE 9TH |
Amarillo ThunderHeads batting - Pitching for Oakland Oaks : LHP Kevin Clark
|
Now at 1B: Mike Adams
|
|
Now at SS: Emiel Schlepers
|
|
Now in LF: Marcus Kressley
|
|
Pinch Hitting: RHB Eric Camillo
|
0-0: Foul Ball, location: 2F 0-1: Called Strike 0-2: Ball 1-2: Ball 2-2: Ground out 6-3 (Groundball, 6, EV 96.9 MPH)
|
Batting: RHB Nick Solberg
|
0-0: Ball 1-0: Called Strike 1-1: Ball 2-1: Ball 3-1: Base on Balls
|
Pinch Hitting: RHB Zach Thomason
|
0-0: Called Strike 0-1: Swinging Strike 0-2: Strikes out swinging
|
Batting: RHB Elias Sagrero
|
0-0: Foul Ball, location: 2F 0-1: Swinging Strike 0-2: Fielders Choice at 2nd, 5-4 (Groundball, 56, EV 111.2 MPH)
|
Top of the 9th over - 0 runs, 0 hits, 0 errors, 1 left on base; Amarillo 0 - Oakland 9 |
|